 Dungeon Crawl Stone Soup version 0.22.1-2-g9c5b331383 (webtiles) character file.

48 Gargoyl the Skirmisher (level 3, -1/31 HPs)
             Began as a Centaur Abyssal Knight on Dec 27, 2018.
             Was a Follower of Lugonu.
             Slain by an adder (3 damage)
             ... on level 2 of the Dungeon.
             The game lasted 00:02:16 (1767 turns).

Gargoyl the Skirmisher (Centaur Abyssal Knight)     Turns: 1767, Time: 00:02:16

Health: -1/31      AC:  6    Str: 14    XL:     3   Next: 50%
Magic:  13/13      EV:  9    Int: 11    God:    Lugonu [*.....]
Gold:   70         SH:  0    Dex:  9    Spells: 2/2 levels left

rFire    + . .     SeeInvis .   a - +1 hand axe
rCold    . . .     Gourm    .   (no shield)
rNeg     . . .     Faith    .   b - +1 leather armour
rPois    .         Spirit   .   (no helmet)
rElec    .         Reflect  .   (no cloak)
rCorr    .         Harm     .   h - +0 pair of gloves
MR       .....                  (no barding)
Stlth    +.........             (no amulet)
HPRegen  0.10/turn              j - ring of magical power
MPRegen  0.13/turn              l - ring of protection from fire

@: lethally poisoned (-1 -> -14), flying, very quick
A: large, hooves 3, deformed body, speed 2, tough skin 3
a: Depart the Abyss, Renounce Religion


You were on level 2 of the Dungeon.
You worshipped Lugonu.
Lugonu was aware of your devotion.
You were hungry.

You visited 1 branch of the dungeon, and saw 2 of its levels.
You visited the Abyss 1 time.

You collected 70 gold pieces.

Inventory:

Hand Weapons
 a - a +1 hand axe (weapon)
Armour
 b - a +1 leather armour (worn)
 g - a +0 cloak
 h - a +0 pair of gloves (worn)
Jewellery
 j - a ring of magical power (left hand)
 l - a ring of protection from fire (right hand)
Scrolls
 e - a scroll of identify
 f - a scroll of remove curse
Potions
 d - 2 potions of agility
Comestibles
 c - 2 rations


   Skills:
 + Level 3.5 Fighting
 + Level 2.1 Axes
 * Level 2.0 Armour
 + Level 0.9 Dodging
 * Level 2.4 Invocations


You had 2 spell levels left.
You didn't know any spells.
Your spell library was empty.

Dungeon Overview and Level Annotations

Branches:
Dungeon (2/15)

Altars:
Ru


Innate Abilities, Weirdness & Mutations

You have hooves in place of feet.
Armour fits poorly on your strangely shaped body.
You cover ground very quickly.
You have extremely tough skin. (AC +3)


Message History

You feel sick. The adder bites you but does no damage.
The adder closely misses you.
You hit the adder. Your kick misses the adder.
The adder is almost dead.
* * * LOW HITPOINT WARNING * * *
You feel sick. The adder closely misses you.
Unknown command.
You closely miss the adder.
The adder is almost dead.
* * * LOW HITPOINT WARNING * * *
You feel sick. The adder bites you.
* * * LOW HITPOINT WARNING * * *
You are more poisoned.
The adder poisons you! The adder closely misses you.
Unknown command.
You closely miss the adder. Your kick misses the adder.
The adder is almost dead.
* * * LOW HITPOINT WARNING * * *
You feel sick. The adder bites you.
You die...

.%....###.##..<....#.
#.....w.#.##.......#.
#.#.#.#.#'##.......#.
..[ #.....<......##
#. #.......###... #.
#.S.....# #.
#.g.....#
#†###.#+##### #.@Sgw#
#######


You could see an adder, a dart slug and a goblin.

Vanquished Creatures
  2 adders
  A worm (D:2)
  4 giant cockroaches
  2 goblins (D:2)
  2 quokkas (D:2)
  4 bats
  A frilled lizard (D:1)
  5 kobolds
  8 rats
29 creatures vanquished.

Notes
Turn   | Place    | Note
-------+----------+-------------------------------------------
     0 | Abyss:1  | Gargoyl the Centaur Abyssal Knight began the quest for the
                  | Orb.
     0 | Abyss:1  | Reached XP level 1. HP: 19/19 MP: 2/2
    29 | Abyss:1  | Found a corrupted altar of Lugonu.
    62 | Abyss:1  | Noticed an ice devil
    93 | Abyss:1  | Noticed a fire bat
    94 | Abyss:1  | Noticed a hellwing
    97 | D:1      | Escaped the Abyss
   571 | D:1      | Reached * piety under Lugonu
   631 | D:1      | Reached XP level 2. HP: 26/26 MP: 3/3
  1284 | D:2      | Found a sacrificial altar of Ru.
  1340 | D:2      | Reached XP level 3. HP: 23/31 MP: 4/4
  1767 | D:2      | Slain by an adder

Skill      XL: |  1  2  3 |
---------------+----------+-----
Axes           | 2 |  2.1
Armour         | 2 |  2.0
Fighting       | |  3.5
Dodging        | |  0.9
Invocations    | |  2.4

Action                   || total
-------------------------++-------
Melee: Hand axe          ||    95
       Kick              ||     9
Invok: Depart the Abyss  ||     1
  Use: Scroll            ||     5
       Potion            ||     1
  Eat: Chunk             ||     1
Armor: Leather armour    ||    50
Dodge: Dodged            ||    63
